 Dungeon Crawl Stone Soup version 0.24.0-1-gfbc8707 (webtiles) character file.

Game seed: 15541268359056990397, levelgen mode: deterministic

214151 qdestroyer the Tortoise (level 18, -1/173 HPs)
             Began as a Minotaur Berserker on Oct 28, 2019.
             Was the Champion of Trog.
             Slain by the 27-headed Lernaean hydra (5 damage)
             ... on level 4 of the Swamp.
             The game lasted 01:59:54 (37708 turns).

qdestroyer the Tortoise (Minotaur Berserker)       Turns: 37708, Time: 01:59:54

Health: -1/173     AC: 32    Str: 30    XL:     18   Next: 29%
Magic:  17/17      EV: 12    Int:  4    God:    Trog [******]
Gold:   1717       SH: 11    Dex: 14    Spells: 17/17 levels left

rFire    + + .     SeeInvis +   M - +8 demon trident "Qadil" {venom, rF+ rC+ rN+ Str+2}
rCold    + . .     Gourm    .   a - +3 buckler {reflect}
rNeg     + . .     Faith    .   H - +6 plate armour {rF+}
rPois    .         Spirit   .   f - +2 hat
rElec    .         Reflect  +   q - +0 cloak
rCorr    .         Harm     .   E - +0 pair of gloves
MR       +....                  b - +0 pair of boots
Stlth    ..........             I - amulet of regeneration
HPRegen  0.78/turn              z - +2 ring of dexterity
MPRegen  0.15/turn              n - ring of see invisible

@: lethally poisoned (-1 -> -6)
A: retaliatory headbutt, horns 2
}: 1/15 runes: gossamer
a: Berserk, Trog's Hand, Brothers in Arms, Renounce Religion


You were on level 4 of the Swamp.
You worshipped Trog.
Trog was exalted by your worship.
You were not hungry.

You visited 4 branches of the dungeon, and saw 29 of its levels.
You also visited: Ossuary, Ice Cave and Volcano.

You collected 2413 gold pieces.
You spent 696 gold pieces at shops.

Inventory:

Hand Weapons
 x - the +5 trident "Oplexeargh" {pierce, rF+ Str+4}
   (You took it off a spriggan on level 3 of the Lair of Beasts)

   It inflicts extra damage upon your enemies.
   It affects your strength (+4).
   It protects you from fire.
 L - a +8 battleaxe of chopping
 M - the +8 demon trident "Qadil" (weapon) {venom, rF+ rC+ rN+ Str+2}
   (Trog gifted it to you on level 1 of the Spider Nest)

   It poisons the flesh of those it strikes.
   It affects your strength (+2).
   It protects you from fire.
   It protects you from cold.
   It protects you from negative energy.
Armour
 a - a +3 buckler of reflection (worn)
 b - a +0 pair of boots (worn)
 f - a +2 hat (worn)
 q - a +0 cloak (worn)
 E - a +0 pair of gloves (worn)
 H - a +6 plate armour of fire resistance (worn)
Jewellery
 h - an uncursed ring of protection from fire
 n - a ring of see invisible (right hand)
 p - an uncursed ring of protection from magic
 y - an uncursed ring of protection from cold
 z - a +2 ring of dexterity (left hand)
 I - an amulet of regeneration (around neck)
 P - an uncursed ring of flight
 Q - an uncursed ring of positive energy
Wands
 u - a wand of digging (4)
Scrolls
 g - 2 scrolls of fear
 o - 7 scrolls of magic mapping
 t - 13 scrolls of remove curse
 v - 2 scrolls of teleportation
 B - 2 scrolls of identify
 C - 5 scrolls of fog
Potions
 d - 3 potions of might
 e - 2 potions of flight
 i - 5 potions of agility
 j - 5 potions of cancellation
 k - 6 potions of brilliance
 l - 7 potions of lignification
 r - 4 potions of mutation
 s - a potion of magic
 D - 2 potions of haste
 F - a potion of resistance
 G - 5 potions of ambrosia
 O - 4 potions of heal wounds
Miscellaneous
 A - a lamp of fire
 N - a sack of spiders
 R - a fan of gales
Comestibles
 c - 21 rations


   Skills:
 + Level 18.4 Fighting
 + Level 15.1(18.0) Axes
 + Level 16.9(19.0) Polearms
 + Level 19.6 Armour
 + Level 6.5 Dodging
 + Level 3.0 Stealth
 + Level 14.9 Shields
 + Level 0.3 Evocations


You had 17 spell levels left.
You didn't know any spells.
Your spell library was empty.

Dungeon Overview and Level Annotations

Branches:
Dungeon (15/15)            Temple (0/1) D:7            Lair (6/6) D:11
  Swamp (4/4) Lair:3       Spider (4/4) Lair:4        Slime (0/5) Lair:5
    Orc (0/2) D:12         Vaults (0/5) D:14         Depths (0/5) D:15
Ossuary (visited)           IceCv (visited)         Volcano (visited)

Altars:
Gozag
Okawaru
Wu Jian
Jiyva

Shops:
D:8 (

Annotations:
D:15 exclusion: orange crystal statue
Swamp:4 Lernaean hydra


Innate Abilities, Weirdness & Mutations

You reflexively headbutt those who attack you in melee.
You have a pair of horns on your head.


Message History

The 27-headed Lernaean hydra misses you.
The 27-headed Lernaean hydra bites you but does no damage.
You block the 27-headed Lernaean hydra's attack.
The 27-headed Lernaean hydra barely misses you.
The 27-headed Lernaean hydra bites you but does no damage. x3
The 27-headed Lernaean hydra bites you.
* * * LOW HITPOINT WARNING * * *
You block the 27-headed Lernaean hydra's attack.
The 27-headed Lernaean hydra bites you but does no damage.
You block the 27-headed Lernaean hydra's attack.
The 27-headed Lernaean hydra bites you but does no damage.
The 27-headed Lernaean hydra bites you!
* * * LOW HITPOINT WARNING * * *
The 27-headed Lernaean hydra bites you!
* * * LOW HITPOINT WARNING * * *
The 27-headed Lernaean hydra bites you but does no damage.
The 27-headed Lernaean hydra closely misses you.
The 27-headed Lernaean hydra bites you but does no damage. x4
The 27-headed Lernaean hydra bites you.
You die...
D

..≈ #D≈.≈
###T≈.#≈#
#@D.D≈≈.#
##°☼#.≈.≈
○○w☼. .
○○°§≈..
≈#DD≈.≈
#D≈#☼D. ≈
D≈k. ≈
≈≈.≈


You could see the 27-headed Lernaean hydra, 2 eight-headed hydras, a five-headed
hydra, 2 four-headed hydras, 3 swamp dragons, a swamp worm, a swamp drake and a
friendly iron troll (berserk).

Vanquished Creatures
  Bai Suzhen (Swamp:2)
  Nikola (Swamp:2)
  Kirke (D:12)
  Louise (Swamp:1)
  A frost giant (IceCv)
  The ghost of Ychix the Thaumaturge, a journeyman GnSk of Makhleb (Swamp:2)
  3 ghost moths (Spider:4)
  7 emperor scorpions
  The ghost of Ofeo the Champion of Chaos, a journeyman DDFi of Makhleb (Swamp:1)
  Nessos (D:13)
  2 entropy weavers
  Azrael (D:13)
  3 spark wasps
  A red draconian (Volcano)
  The ghost of Loywebes the Blocker, a journeyman MiFi of Makhleb (Lair:3)
  Snorg (D:10)
  An ogre mage (Volcano)
  Josephine (D:10)
  2 vault guards (D:14)
  A ghost crab (Swamp:2)
  7 hydras
  A shambling mangrove (Swamp:2)
  A rakshasa (D:15)
  A merfolk avatar (Lair:6)
  A death knight (D:12)
  9 two-headed ogres
  5 centaur warriors
  3 tengu warriors (D:13)
  A death yak (IceCv)
  14 alligators
  A fire crab (shapeshifter) (D:15)
  Nergalle (D:12)
  5 skeletal warriors (D:13)
  2 unseen horrors
  5 swamp dragons
  2 sea snakes (Lair:6)
  A harpy (Lair:6)
  A wolf spider zombie (D:15)
  19 orb spiders
  A phantasmal warrior (D:11)
  8 ugly things
  2 deep elf magi
  3 cyclopes
  4 manticores
  38 wolf spiders
  A moth of wrath (Spider:3)
  6 elephants (Lair:6)
  2 ice statues
  9 black mambas
  5 centaur skeletons
  Psyche (D:12)
  2 torpor snails
  A gargoyle (D:10)
  20 spiny frogs
  14 demonic crawlers
  4 rime drakes
  2 efreet (D:14)
  10 komodo dragons
  3 kobold demonologists
  A freezing wraith (D:14)
  3 yaktaurs (D:15)
  A troll (D:11)
  A wind drake (Lair:6)
  29 jumping spiders
  23 polar bears
  16 hornets
  18 slime creatures
  10 tyrant leeches
  4 bog bodies
  4 dream sheep (Lair:5)
  16 blink frogs
  7 hippogriffs
  Sigmund (D:3)
  A vampire (D:14)
  4 spriggans
  A shadow (D:12)
  36 tarantellas
  112 redbacks
  A yak (shapeshifter) (D:14)
  6 wraiths
  4 wyverns
  74 yaks
  4 fire elementals (D:13)
  5 hogs (D:12)
  2 hungry ghosts
  10 humans
  4 basilisks
  38 vampire mosquitoes
  A warg (D:12)
  28 insubstantial wisps
  An acid dragon (D:11)
  16 swamp worms
  Duvessa (D:4)
  3 hell hounds (D:13)
  13 water moccasins
  7 porcupines
  9 swamp drakes
  4 ice beasts
  A hornet zombie (D:13)
  2 phantoms
  8 orc warriors
  5 sky beasts
  An eye of draining (shapeshifter) (D:15)
  3 black bears
  A necrophage (D:3)
  34 wolves
  4 ogres
  5 boggarts (D:15)
  12 centaurs
  19 crocodiles
  2 big kobolds
  19 bullfrogs
  A wyvern zombie (D:14)
  4 earth elementals
  An elf skeleton (D:8)
  Dowan (D:4)
  2 water moccasin zombies (Ossuary)
  A water moccasin skeleton (D:7)
  36 scorpions
  10 killer bees (D:7)
  A killer bee (shapeshifter) (D:15)
  8 howler monkeys
  9 electric eels
  A bullfrog zombie (D:12)
  3 crimson imps
  A human zombie (D:8)
  14 hounds
  3 jellies
  2 quasits
  A human skeleton (D:8)
  10 orc priests
  3 bullfrog skeletons
  6 iguanas
  Ijyb (D:3)
  Terence (D:3)
  9 worker ants
  14 orc wizards
  2 big kobold zombies (Ossuary)
  A hound zombie (D:8)
  A hound skeleton (D:5)
  2 mummies (Ossuary)
  2 worker ant zombies
  Robin (D:2)
  4 gnolls (D:6)
  A howler monkey skeleton (D:8)
  15 adders
  3 shadow imps
  12 white imps (Lair:3)
  2 oozes
  11 adder zombies
  2 adder skeletons
  5 worms
  3 dart slugs
  4 leopard geckos
  64 orcs
  A ball python (D:1)
  5 giant cockroaches
  4 gnoll zombies (Ossuary)
  23 goblins
  5 hobgoblins
  3 jackals (D:6)
  27 kobolds
  7 quokkas
  10 bats
  9 frilled lizards
  2 hobgoblin zombies (Ossuary)
  7 kobold zombies (Ossuary)
  2 leopard gecko skeletons
  An orc skeleton (D:8)
  3 orc zombies
  10 rats
1280 creatures vanquished.

Vanquished Creatures (collateral kills)
  A wolf spider (Spider:1)
  An ugly thing (D:15)
  A jumping spider (Spider:1)
  A slime creature (D:15)
  3 tarantellas (Spider:1)
  2 redbacks (Spider:1)
  A fire elemental (D:13)
  An orc wizard (D:13)
11 creatures vanquished.

Vanquished Creatures (others)
  Sonja (Lair:6)
  An orb spider (Spider:4)
  A human (D:14)
  A vampire (D:13)
  A swamp drake (Swamp:4)
  A centaur (D:14)
  4 fungi (Lair:6)
  16 plants
26 creatures vanquished.

Grand Total: 1317 creatures vanquished

Notes
Turn   | Place    | Note
-------+----------+-------------------------------------------
     0 | D:1      | qdestroyer the Minotaur Berserker began the quest for the
                  | Orb.
     0 | D:1      | Reached XP level 1. HP: 19/19 MP: 0/0
    47 | D:1      | Reached XP level 2. HP: 7/27 MP: 1/1
   515 | D:1      | Reached ** piety under Trog
   621 | D:1      | Reached XP level 3. HP: 33/33 MP: 2/2
   792 | D:2      | Noticed Robin
   806 | D:2      | Killed Robin
   932 | D:2      | Reached skill level 3 in Armour
   932 | D:2      | Reached XP level 4. HP: 31/41 MP: 3/3
   996 | D:2      | Reached skill level 5 in Axes
  1337 | D:3      | Noticed Terence
  1337 | D:3      | Noticed Sigmund
  1345 | D:3      | Killed Terence
  1345 | D:3      | Reached XP level 5. HP: 47/47 MP: 4/4
  1346 | D:3      | Killed Sigmund
  1346 | D:3      | Reached skill level 4 in Armour
  1346 | D:3      | Reached XP level 6. HP: 55/55 MP: 5/5
  1362 | D:3      | Noticed Ijyb
  1391 | D:3      | Killed Ijyb
  1465 | D:3      | Reached *** piety under Trog
  1740 | D:3      | Reached skill level 5 in Fighting
  1740 | D:3      | Reached XP level 7. HP: 61/61 MP: 6/6
  2488 | D:4      | Reached skill level 5 in Armour
  2519 | D:4      | Noticed Duvessa
  2519 | D:4      | Noticed Dowan
  2535 | D:4      | Killed Duvessa
  2536 | D:4      | Killed Dowan
  2857 | D:5      | Entered Level 5 of the Dungeon
  2888 | D:5      | Reached XP level 8. HP: 70/70 MP: 7/7
  3056 | D:5      | Reached **** piety under Trog
  3106 | D:5      | Got a shadowed robe
  3304 | D:5      | You fall into a shaft and drop 3 floors!
  3308 | D:8      | Reached skill level 6 in Armour
  3312 | D:8      | Reached skill level 10 in Axes
  3331 | D:8      | Found an ornate altar of the Wu Jian Council.
  3392 | D:8      | Found a sand-covered staircase.
  3398 | Ossuary  | Entered an ossuary
  3702 | D:8      | Reached ***** piety under Trog
  3746 | D:8      | Reached XP level 9. HP: 79/79 MP: 8/8
  3813 | D:8      | Found Tayzit's Antique Weapon Emporium.
  4409 | D:8      | Received a gift from Trog
  4658 | D:8      | Reached skill level 7 in Armour
  4726 | D:8      | Bought a smoking spear for 232 gold pieces
  4745 | D:9      | Reached skill level 1 in Stealth
  5649 | D:10     | Entered Level 10 of the Dungeon
  5649 | D:10     | Noticed Josephine
  5659 | D:10     | Killed Josephine
  5659 | D:10     | Reached skill level 8 in Armour
  5659 | D:10     | Reached XP level 10. HP: 90/90 MP: 9/9
  5734 | D:10     | Noticed a gargoyle
  5747 | D:10     | Killed a gargoyle
  5747 | D:10     | Reached skill level 9 in Armour
  6032 | D:10     | Noticed Snorg
  6048 | D:10     | Killed Snorg
  6271 | D:11     | Found a staircase to the Lair.
  6295 | D:11     | Reached skill level 10 in Armour
  6728 | D:11     | Noticed a manticore
  6750 | D:11     | Killed a manticore
  8103 | D:12     | Noticed a deep elf mage
  8103 | D:12     | Noticed a brown ugly thing
  8114 | D:11     | Killed a deep elf mage
  8114 | D:11     | Reached XP level 11. HP: 75/99 MP: 10/10
  8531 | D:11     | Killed a brown ugly thing
  8531 | D:11     | Reached skill level 10 in Fighting
  8531 | D:11     | Reached skill level 11 in Armour
  9461 | D:12     | Found an iron altar of Okawaru.
  9515 | D:12     | Reached skill level 12 in Armour
  9714 | D:12     | Noticed a phantasmal warrior
 10048 | D:7      | Found a staircase to the Ecumenical Temple.
 10584 | D:6      | Received a gift from Trog
 11529 | D:8      | Bought a blackened scythe for 232 gold pieces
 11529 | D:8      | Bought a dazzling spear for 232 gold pieces
 11710 | D:12     | Found a staircase to the Orcish Mines.
 11714 | D:12     | Noticed a death knight
 11922 | D:11     | Killed a phantasmal warrior
 12074 | D:12     | Killed a death knight
 12074 | D:12     | Reached skill level 13 in Armour
 12079 | D:12     | Noticed a soul eater
 12132 | D:12     | Noticed a sixfirhy
 12148 | D:11     | Reached skill level 1 in Shields
 12148 | D:11     | Reached XP level 12. HP: 73/110 MP: 11/11
 12288 | D:12     | Noticed Nergalle
 12293 | D:12     | Received a gift from Trog
 12312 | D:12     | Killed Nergalle
 12413 | D:12     | Noticed Kirke
 12433 | D:12     | Killed Kirke
 12466 | D:12     | Noticed Psyche
 12474 | D:12     | Killed Psyche
 12479 | D:12     | Noticed a two-headed ogre
 12487 | D:12     | Killed a two-headed ogre
 12734 | D:13     | Reached skill level 14 in Armour
 12765 | D:13     | Noticed a centaur warrior
 12775 | D:13     | Killed a centaur warrior
 13158 | D:13     | Noticed Azrael
 13202 | D:13     | Reached skill level 15 in Axes
 13212 | D:13     | Killed Azrael
 13302 | D:13     | Reached skill level 5 in Shields
 13483 | D:13     | Noticed a tengu warrior
 13506 | D:13     | Killed a tengu warrior
 13507 | D:13     | Noticed a tengu warrior
 13549 | D:13     | Killed a tengu warrior
 13658 | D:13     | Noticed Nessos
 14072 | D:13     | Identified the +6 spear of Action {freeze, Int+4} (You
                  | bought it in a shop on level 8 of the Dungeon)
 14110 | D:13     | Reached XP level 13. HP: 122/122 MP: 12/12
 14170 | D:13     | Reached skill level 15 in Armour
 14170 | D:13     | Reached skill level 5 in Dodging
 14215 | D:13     | Reached skill level 1 in Polearms
 14667 | D:13     | Killed Nessos
 15139 | D:14     | Reached skill level 5 in Polearms
 15302 | D:14     | Got a crystal long sword
 15800 | D:14     | Found a gate to the Vaults.
 16134 | D:15     | Entered Level 15 of the Dungeon
 16257 | D:15     | Reached XP level 14. HP: 116/130 MP: 13/13
 16305 | D:15     | Found an opulent altar of Gozag.
 16840 | D:15     | Reached skill level 10 in Polearms
 16860 | D:15     | Reached ****** piety under Trog
 16866 | D:15     | Received a gift from Trog
 17339 | D:15     | Found a staircase to the Depths.
 17647 | D:15     | Identified the +5 spear "Sarch" {pierce, rC+} (You bought
                  | it in a shop on level 8 of the Dungeon)
 17648 | D:15     | Identified the +6 long sword of the Shoals {slice, Int+3}
                  | (You found it on level 14 of the Dungeon)
 17649 | D:15     | Identified the +11 scythe of Seirhexe {drain, rF+ MR+
                  | Int+2} (You bought it in a shop on level 8 of the Dungeon)
 17843 | D:15     | Got an encrusted hunting sling
 18097 | D:11     | Identified the cursed +0 hunting sling "Junuc" {velocity,
                  | rElec Str+3 Stlth+} (You found it on level 15 of the
                  | Dungeon)
 18100 | Lair:1   | Entered Level 1 of the Lair of Beasts
 18118 | Lair:1   | Received a gift from Trog
 18150 | Lair:1   | You fall into a shaft and drop 1 floor!
 18428 | Lair:2   | Reached skill level 16 in Armour
 18535 | Lair:2   | Found a dark tunnel.
 18541 | Volcano  | Entered a volcano
 18685 | Volcano  | Paralysed by an ogre mage for 5 turns
 19644 | Lair:1   | Identified the +1 robe of Perpetual Drought {-Tele rElec
                  | rF+++ Int-3} (You found it on level 5 of the Dungeon)
 20282 | Lair:3   | Found a staircase to the Swamp.
 20429 | Lair:3   | Found a frozen archway.
 20433 | Lair:3   | Received a gift from Trog
 20469 | IceCv    | Entered an ice cave
 20971 | IceCv    | Reached XP level 15. HP: 126/139 MP: 14/14
 21053 | IceCv    | Noticed a frost giant
 21073 | IceCv    | Killed a frost giant
 21131 | IceCv    | Identified Xumaxzis's Guide on Boosting Translocation
 21233 | Lair:3   | Reached skill level 10 in Shields
 21284 | Lair:3   | Reached skill level 15 in Fighting
 21498 | Lair:3   | Found a runed translucent door.
 21499 | Lair:3   | Noticed Loywebes's ghost (journeyman MiFi)
 21501 | Lair:3   | Identified the +5 trident "Oplexeargh" {pierce, rF+ Str+4}
 21814 | Lair:3   | Killed Loywebes's ghost
 21829 | Lair:3   | Received a gift from Trog
 22192 | Lair:4   | Found a hole to the Spider Nest.
 23254 | Lair:5   | Found a viscous altar of Jiyva.
 23254 | Lair:5   | Found a staircase to the Slime Pits.
 23814 | Lair:6   | Entered Level 6 of the Lair of Beasts
 23814 | Lair:6   | Noticed Sonja
 23979 | Lair:6   | Reached skill level 17 in Armour
 23990 | Lair:6   | Killed Sonja
 24254 | Lair:6   | Received a gift from Trog
 24422 | Lair:5   | Identified a scroll of acquirement
 24425 | Lair:5   | Got a crude hat
 24426 | Lair:5   | Identified the -4 hat "Sivanad" {rC+ Dex-4 Stlth+} (You
                  | acquired it on level 5 of the Lair of Beasts)
 26131 | Spider:1 | Entered Level 1 of the Spider Nest
 26144 | Lair:4   | Reached XP level 16. HP: 127/151 MP: 15/15
 26149 | Lair:4   | Received a gift from Trog
 26845 | Lair:4   | HP: 6/151 [wolf spider (5)]
 27515 | Spider:1 | Received a gift from Trog
 27564 | Spider:1 | Got a crude demon trident {god gift}
 27707 | Spider:1 | Identified the +8 demon trident "Qadil" {venom, rF+ rC+ rN+
                  | Str+2} (Trog gifted it to you on level 1 of the Spider
                  | Nest)
 28109 | Spider:1 | Reached skill level 18 in Armour
 28741 | Spider:2 | Received a gift from Trog
 28895 | Spider:2 | Reached skill level 15 in Polearms
 30332 | Spider:3 | Received a gift from Trog
 30335 | Spider:3 | Got a dazzling broad axe {god gift}
 31234 | Spider:3 | Reached XP level 17. HP: 160/160 MP: 16/16
 31317 | Spider:3 | Identified the +1 broad axe "Gehiz" {chop, rElec Int+4}
                  | (Trog gifted it to you on level 3 of the Spider Nest)
 31322 | Spider:4 | Entered Level 4 of the Spider Nest
 32612 | Spider:4 | Received a gift from Trog
 32690 | Spider:4 | Reached skill level 19 in Armour
 32753 | Spider:4 | Got a gossamer rune of Zot
 33906 | Swamp:1  | Entered Level 1 of the Swamp
 34219 | Swamp:1  | Got a faintly humming chain mail
 34396 | Swamp:1  | Noticed Louise
 34431 | Swamp:1  | Killed Louise
 34567 | Swamp:1  | Found a runed translucent gate.
 34567 | Swamp:1  | Found a runed translucent gate.
 34568 | Swamp:1  | Found a runed translucent gate.
 34568 | Swamp:1  | Noticed Ofeo's ghost (journeyman DDFi)
 34586 | Swamp:1  | Killed Ofeo's ghost
 34919 | Swamp:2  | Received a gift from Trog
 35114 | Swamp:2  | Noticed Nikola
 35131 | Swamp:2  | Killed Nikola
 35282 | Swamp:2  | Found a runed translucent door.
 35572 | Swamp:2  | Noticed Ychix's ghost (journeyman GnSk)
 35606 | Swamp:2  | Killed Ychix's ghost
 35606 | Swamp:2  | Reached XP level 18. HP: 155/172 MP: 17/17
 36290 | Swamp:3  | Noticed Bai Suzhen
 36324 | Swamp:2  | Killed Bai Suzhen
 36912 | Swamp:3  | Received a gift from Trog
 37570 | Swamp:3  | Identified the +0 chain mail "Ruwidut" {*Drain rElec MP-9
                  | Int+10} (You found it on level 1 of the Swamp)
 37575 | Swamp:4  | Entered Level 4 of the Swamp
 37706 | Swamp:4  | Noticed the 27-headed Lernaean hydra
 37708 | Swamp:4  | HP: 4/173 [the 27-headed Lernaean hydra (10)]
 37708 | Swamp:4  | Slain by the 27-headed Lernaean hydra

Levels and vault maps discovered:
D:1:      elethiomel_arrival_shortcut, layout_loops_ring
D:2:      layout_basic, uniq_robin
D:3:      minmay_bubble_buster, layout_basic, nrook_uturn, uniq_sigmund,
          uniq_terence, uniq_ijyb
D:4:      layout_loops_ring, first_ration, uniq_duvessa
D:5:      layout_loops_ring
D:6:      layout_loops_cross
D:7:      layout_basic, minmay_temple_entry_wispy
D:8:      layout_cave_pods, overflow_temple_1_default, serial_shops, shop,
          nicolae_ossuary_entry_catacombs, blue_anna_alchemist
          [blue_anna_fruit_fields, blue_anna_fruit_fields]
D:9:      layout_grid_maze
D:10:     layout_long_grid, uniq_snorg, uniq_josephine
D:11:     layout_stronghold, erik_lair_island, hangedman_abyss_or_decor_stabs
D:12:     layout_irregular_city, erik_orc_4, okawaru_ov_weapons_minmay,
          uniq_nergalle, uniq_psyche, uniq_kirke
D:13:     layout_loops_cross, uniq_azrael, uniq_nessos
D:14:     layout_basic, ximxim_vaults_locker_room
D:15:     gammafunk_enter_depths_forms, layout_small_grid, chequers_arboretum,
          basic_altar, minmay_protected_statue
Lair:1:   layout_regular_city, gauntlet_entry_generic, minmay_hedge_maze
Lair:2:   layout_layer_cave, nicolae_volcano_entry_hallway, minivault_24
Lair:3:   statuecave_lemuel, layout_gridlike, swamp_mist,
          ebering_ghost_funeral_grove, portal_ice_cave_entry_imps
Lair:4:   layout_loops_ring, nicolae_spider_entry_tight_spaces
Lair:5:   layout_gridlike, slime_altar_1, serial_bayou_shore_b,
          serial_bayou_shore_a
Lair:6:   gammafunk_lair_ancient_temple, layout_hall_layers, st_stairs_8,
          uniq_sonja
Swamp:1:  layout_falls_marsh, ebering_ghost_rock_garden,
          evilmike_swamp_ruin_house_1, swamp_pool5, uniq_louise
Swamp:2:  layout_falls_marsh, ebering_ghost_reflecting_pool,
          evilmike_swamp_ruin_house_5, swamp_pool1, uniq_nikola
Swamp:3:  layout_basic_swamp, evilmike_swamp_ruin_rubble_1, uniq_bai_suzhen
Swamp:4:  swamp_old_school, layout_basic_swamp, swamp_pool3,
          nicolae_swamp_trees_clearing
Spider:1: spiders_nest_a
Spider:2: layout_spider_delve
Spider:3: layout_chambers, nicolae_spider_cling_ruins
Spider:4: guppyfry_spider_rune, hangedman_stitches_earthworm

Skill      XL: |  1  2  3  4  5  6  7  8  9 10 11 12 13 14 15 16 17 18 |
---------------+-------------------------------------------------------+-----
Axes           | 4 5 6 7 9 11 12 14 15 | 15.1
Fighting       | 4 5 6 7 8 9 11 13 14 15 16 18 | 18.4
Armour         | 3 4 5 6 8 10 13 14 15 16 17 18 19 | 19.6
Dodging        | 3 4 5 6 |  6.5
Stealth        | 1 2 3 |  3.0
Shields        | 1 5 7 9 11 13 14 | 14.9
Polearms       | 9 12 14 15 16 | 16.9
Evocations     | |  0.3

Action                   |  1- 3 |  4- 6 |  7- 9 | 10-12 | 13-15 | 16-18 || total
-------------------------+-------+-------+-------+-------+-------+-------++-------
Melee: Hand axe          |    69 |   105 |   427 |   828 |       |       ||  1429
       Headbutt          |    17 |    19 |    93 |   204 |   531 |   403 ||  1267
       Spear             |       |       |       |     4 |  1693 |       ||  1697
       Trident           |       |       |       |       |   357 |   732 ||  1089
       Demon trident     |       |       |       |       |       |   881 ||   881
Invok: Trog's Hand       |     1 |     3 |     1 |    17 |    13 |     6 ||    41
       Berserk           |     1 |     2 |     7 |    19 |    18 |     8 ||    55
       Brothers in Arms  |       |       |       |     2 |     1 |     2 ||     5
Evoke: Fan of gales      |       |       |       |       |     1 |       ||     1
       Sack of spiders   |       |       |       |       |       |     1 ||     1
  Use: Scroll            |     4 |     3 |     9 |    17 |    17 |    18 ||    68
       Potion            |       |       |       |     5 |     3 |     5 ||    13
 Stab: Held in net/web   |       |       |       |       |       |     3 ||     3
  Eat: Chunk             |     1 |     2 |    12 |    29 |    29 |    12 ||    85
       Ration            |       |     1 |     2 |     8 |    10 |    11 ||    32
Armor: Animal skin       |     3 |       |       |       |       |       ||     3
       Chain mail        |    33 |    59 |   131 |       |       |       ||   223
       Plate armour      |       |       |    44 |   510 |   783 |   848 ||  2185
Dodge: Dodged            |    27 |    60 |   148 |   312 |   544 |   660 ||  1751
Block: Buckler           |       |       |       |    74 |   484 |   591 ||  1149
       Reflection        |       |       |       |     2 |    20 |     1 ||    23
